cohdb
Replays
Latest Replays
All Replays
Popular Replays
Top Player Replays
Match Explorer
How It Works
Community
CoH3 Stats
Reddit
Sign in to upload your games and track your stats! →
Sign in with Steam
Match 41322716
Unlisted
Match 41322716
Overview
Messages
Build Orders
End
Vickers Machine Gun Team
Construct Section Command Post
Infantry Section
Selects Air and Sea Battlegroup
Vickers Machine Gun Team
Infantry Section
Grenade Package
Infantry Section
Construct Platoon Command Post
CMP 15cwt Truck
Selects Commando Section Paradrop
Selects Commando Support Section Paradrop
Commando Section Paradrop
Unlock Bishop Self-propelled Artillery
Bishop Self-propelled Artillery
Bishop Self-propelled Artillery
Infantry Section
Selects Incendiary Bombing Run
Incendiary Bombing Run
Infantry Section
Infantry Section
Rosiema
Cpt.Bullshit
JanusOhneJ
Gustavz
UH|dun! ツ
UH|ck
UH|XTC
iceman
0
0
Comments
sign in to comment!
No comments posted yet!